 Dungeon Sprint DCSS version 0.25.1-2-g60ff931df9 (webtiles) character file.

Game seed: 14878490421465533891

2417 raphialitos the Carver (level 9, 0/90 HPs)
             Began as a Minotaur Fighter on Oct 6, 2020.
             Was a Believer of Okawaru.
             Succumbed to Sonja's poison
             ... in the Dungeon (Sprint I: "Red Sonja").
             The game lasted 00:02:54 (1056 turns).

raphialitos the Carver (Minotaur Fighter)           Turns: 1056, Time: 00:02:54

Health: 0/90       AC:  9    Str: 24    XL:     9   Next: 23%
Magic:  8/8        EV: 11    Int:  5    God:    Okawaru [**....]
Gold:   304        SH: 13    Dex: 10    Spells: 8/8 levels left

rFire    . . .     SeeInvis .   a - +0 long sword
rCold    . . .     Gourm    .   c - +0 kite shield
rNeg     . . .     Faith    .   b - +0 scale mail
rPois    .         Spirit   .   (helmet restricted)
rElec    .         Reflect  .   (no cloak)
rCorr    .         Harm     .   (no gloves)
MR       .....     NoTele   +   (no boots)
Stlth    ..........             (no amulet)
HPRegen  0.25/turn              (no ring)
MPRegen  0.11/turn              (no ring)

@: lethally poisoned (0 -> -26), slowed, very slow
A: retaliatory headbutt, horns 2
a: Heroism, Renounce Religion


You were in the Dungeon.
You worshipped Okawaru.
Okawaru was pleased with you.
You were hungry.

You visited 1 branch You collected 304 gold pieces.

Inventory:

Hand Weapons
 a - a +0 long sword (weapon)
Armour
 b - a +0 scale mail (worn)
 c - a +0 kite shield (worn)
Wands
 d - a wand of flame (19)
Scrolls
 k - a scroll of blinking
 l - a scroll of identify {unknown}
Potions
 h - a potion of haste
 i - 2 potions of magic
 j - a potion of berserk rage
Comestibles
 f - 3 rations
 g - 5 chunks of flesh


   Skills:
 + Level 12.1 Fighting
 + Level 14.0 Long Blades
 + Level 11.6 Armour
 + Level 4.9 Dodging
 + Level 1.4 Stealth
 + Level 12.1 Shields


You had 8 spell levels left.
You didn't know any spells.
Your spell library was empty.

Dungeon Overview and Level Annotations

Branches:
Dungeon (1/1)

Altars:
Cheibriados
Dithmenos
Elyvilon
Fedhas
Gozag
Hepliaklqana
Kikubaaqudgha
Makhleb
Nemelex Xobeh
Okawaru
Qazlal
Ru
Sif Muna
Trog
Uskayaw
Vehumet
Wu Jian
Xom
Yredelemnul
Zin
The Shining One
Jiyva
Lugonu

Shops:
D *

Annotations:
D Sonja


Innate Abilities, Weirdness & Mutations

You reflexively headbutt those who attack you in melee.
You have a pair of horns on your head.


Message History

Sonja hits you but does no damage.
You are more poisoned.
You hit Sonja.
Sonja is severely wounded.
* * * LOW HITPOINT WARNING * * *
You feel sick.
Sonja hits you with a +1 short sword of venom.
* * * LOW HITPOINT WARNING * * *
You block Sonja's attack.
Sonja hits you with a +1 short sword of venom.
* * * LOW HITPOINT WARNING * * *
You are more poisoned.
You completely miss Sonja.
Sonja is severely wounded.
* * * LOW HITPOINT WARNING * * *
You feel very sick.
Sonja gestures wildly while chanting.
Sonja blinks!
Sonja throws a curare-tipped dart.
You block the curare-tipped dart.
You die...

#..####..# #.####§§#
#..#__#### ##(#(§≈§§#
#..#_____##+#§.§§§≈§§+
#⌠⌠#_.∩...'...§#≈≈≈§.#
####_..__##_.#'##'####
#_____###+#.#§...#
#########.####§###
+$.§((...(+
#K.@####### ##.## #+


You could see Sonja.

Vanquished Creatures
  2 centaur warriors (D)
  A deep troll (D)
  A slime creature (D)
  Sigmund (D)
  A yak (D)
  An ogre (D)
  A jelly (D)
  Ijyb (D)
9 creatures vanquished.

Notes
Turn   | Place    | Note
-------+----------+-------------------------------------------
     0 | D        | raphialitos the Minotaur Fighter began the quest for the
                  | Orb.
     0 | D        | Reached XP level 1. HP: 19/19 MP: 0/0
     1 | D        | Noticed Ijyb
    29 | D        | Killed Ijyb
    29 | D        | Reached skill level 5 in Fighting
    29 | D        | Reached skill level 3 in Long Blades
    29 | D        | Reached skill level 5 in Armour
    29 | D        | Reached skill level 5 in Shields
    29 | D        | Reached XP level 2. HP: 18/29 MP: 1/1
   144 | D        | Noticed an ogre
   147 | D        | Killed an ogre
   147 | D        | Reached skill level 4 in Long Blades
   147 | D        | Reached skill level 1 in Dodging
   147 | D        | Reached XP level 3. HP: 20/38 MP: 2/2
   147 | D        | Reached XP level 4. HP: 23/45 MP: 3/3
   151 | D        | Noticed Sigmund
   161 | D        | Killed Sigmund
   161 | D        | Reached skill level 6 in Long Blades
   161 | D        | Reached XP level 5. HP: 7/56 MP: 4/4
   441 | D        | Found a shimmering blue altar of Sif Muna.
   442 | D        | Found an ornate altar of the Wu Jian Council.
   443 | D        | Found a radiant altar of Vehumet.
   446 | D        | Reached skill level 7 in Long Blades
   446 | D        | Reached XP level 6. HP: 59/62 MP: 5/5
   459 | D        | Found Cofum's General Store.
   459 | D        | Found an ancient bone altar of Kikubaaqudgha.
   459 | D        | Found a hazy altar of Hepliaklqana.
   459 | D        | Found a stormy altar of Qazlal.
   459 | D        | Found a hide-covered altar of Uskayaw.
   459 | D        | Found a blossoming altar of Fedhas.
   459 | D        | Found a bloodstained altar of Trog.
   459 | D        | Found an iron altar of Okawaru.
   459 | D        | Found a basalt altar of Yredelemnul.
   459 | D        | Found a glowing golden altar of the Shining One.
   459 | D        | Found a snail-covered altar of Cheibriados.
   459 | D        | Found a sacrificial altar of Ru.
   459 | D        | Found a glowing silver altar of Zin.
   459 | D        | Found a shadowy altar of Dithmenos.
   459 | D        | Found a white marble altar of Elyvilon.
   459 | D        | Noticed a yak
   472 | D        | Killed a yak
   472 | D        | Reached skill level 8 in Long Blades
   473 | D        | Found an opulent altar of Gozag.
   474 | D        | Found a sparkling altar of Nemelex Xobeh.
   491 | D        | Became a worshipper of Warmaster Okawaru
   559 | D        | Found a burning altar of Makhleb.
   559 | D        | Found a viscous altar of Jiyva.
   559 | D        | Found a shimmering altar of Xom.
   559 | D        | Found a corrupted altar of Lugonu.
   559 | D        | Noticed a slime creature
   572 | D        | Killed a slime creature
   572 | D        | Reached skill level 10 in Fighting
   572 | D        | Reached skill level 9 in Long Blades
   572 | D        | Reached skill level 10 in Armour
   572 | D        | Reached XP level 7. HP: 31/72 MP: 6/6
   772 | D        | Noticed a centaur warrior
   772 | D        | Noticed a centaur warrior
   781 | D        | Killed a centaur warrior
   781 | D        | Reached * piety under Okawaru
   781 | D        | Reached skill level 11 in Long Blades
   781 | D        | Reached skill level 10 in Shields
   781 | D        | Reached XP level 8. HP: 37/82 MP: 7/7
   788 | D        | Killed a centaur warrior
   788 | D        | Reached ** piety under Okawaru
   788 | D        | Reached skill level 13 in Long Blades
   788 | D        | Reached skill level 1 in Stealth
  1009 | D        | Noticed a deep troll
  1022 | D        | Killed a deep troll
  1022 | D        | Reached skill level 14 in Long Blades
  1022 | D        | Reached XP level 9. HP: 42/90 MP: 8/8
  1045 | D        | Noticed Sonja
  1055 | D        | HP: 4/90 [poisoned by Sonja]
  1056 | D        | Succumbed to Sonja's poison

Illustrated notes

Levels and vault maps discovered:
D:        dungeon_sprint_1 [red_sonja_temple_1, red_sonja_temple_small_1]

Skill      XL: |  1  2  3  4  5  6  7  8 |
---------------+-------------------------+-----
Fighting       | 5 6 8 10 11 12 | 12.1
Long Blades    | 3 4 6 7 9 11 14 | 14.0
Armour         | 5 7 8 10 11 | 11.6
Shields        | 5 6 8 9 10 12 | 12.1
Dodging        | 1 2 3 4 |  4.9
Stealth        | 1 |  1.4

Action                   |  1- 3 |  4- 6 |  7- 9 || total
-------------------------+-------+-------+-------++-------
Melee: Long sword        |    29 |    35 |    32 ||    96
       Headbutt          |     7 |     8 |     7 ||    22
Evoke: Wand              |       |       |     2 ||     2
  Use: Potion            |     1 |       |     3 ||     4
       Scroll            |       |       |     1 ||     1
Armor: Scale mail        |     9 |     4 |    12 ||    25
Dodge: Dodged            |     6 |     6 |    18 ||    30
Block: Kite shield       |    13 |    17 |    37 ||    67
       Rpst.: Long sword |     1 |     3 |     7 ||    11
